 Dungeon Crawl Stone Soup version 0.31-a0-662-g684573625c (webtiles) character file.

Game seed: 6721575061882264243

91 holysushi the Insei (level 4, 0/32 HPs)
             Began as a Demonspawn Shapeshifter on Sept 1, 2023.
             Was an Initiate of Qazlal.
             Slain by an iguana (10 damage)
             ... on level 3 of the Dungeon.
             The game lasted 00:01:48 (2195 turns).

holysushi the Insei (Demonspawn Shapeshifter)       Turns: 2195, Time: 00:01:49

Health: 0/32       AC:  2    Str: 14    XL:     4   Next: 34%
Magic:  4/4        EV: 12    Int: 12    God:    Qazlal [......]
Gold:   216        SH:  0    Dex: 14    Spells: 3/3 levels left

rFire   . .          .
                       - Unarmed
rCold   . . .        (no shield)
rNeg    . . .        a - +0 animal skin
rPois   .            (helmet currently unavailable)
rElec   .            (cloak currently unavailable)
rCorr   .            (gloves currently unavailable)
SInv    .            (boots currently unavailable)
Will    .....        (no amulet)
Stlth   +            (no ring)
HPRegen 0.25/turn    (no ring)
MPRegen 0.09/turn

%: no passive effects
@: beast-form
A: beast (slay +1), claws 1, powered by death 1
a: Begin Untransformation, Renounce Religion


You were on level 3 of the Dungeon.
You worshipped Qazlal.
Qazlal was noncommittal.
You were a hulking beast.
You visited 1 branch of the dungeon, and saw 3 of its levels.

You collected 216 gold pieces.

Inventory:

Armour
 a - a +0 animal skin (worn)
 i - a +0 pair of boots
 u - a +0 cloak
Jewellery
 s - a ring of wizardry
Talismans
 c - a beast talisman (active)
 d - a flux talisman
Scrolls
 e - 2 scrolls of acquirement {unknown}
 f - 2 scrolls of poison {unknown}
 g - a scroll of fog {unknown}
 h - 3 scrolls of identify {unknown}
 m - a scroll of revelation {unknown}
 n - 2 scrolls of torment {unknown}
 o - a scroll of immolation {unknown}
 p - a scroll of amnesia {unknown}
 q - a scroll of summoning {unknown}
 t - a scroll of blinking {unknown}
Potions
 b - a potion of lignification
 j - a potion of might {unknown}
 k - a potion of heal wounds {unknown}
 l - 2 potions of attraction {unknown}
 r - a potion of magic {unknown}
 v - a potion of curing {unknown}


   Skills:
 - Level 1.0 Fighting
 - Level 1.7 Dodging
 + Level 4.7 Unarmed Combat
 - Level 2.6 Shapeshifting


You had 3 spell levels left.
You didn't know any spells.
Your spell library contained the following spells:

 Spells                   Type           Power      Damage    Failure   Level
 Inner Flame              Hex/Fire       0%         N/A       69%         3
 Tukima's Dance           Hex            0%         N/A       69%         3
 Passage of Golubria      Tloc           0%         N/A       97%         4
 Yara's Violent Unravell  Hex/Tmut       0%         3d3       100%        5
 Enfeeble                 Hex            0%         N/A       100%        7


Dungeon Overview and Level Annotations

Branches:
Dungeon (3/15) Zot: 15813

Altars:
Qazlal
Wu Jian


Innate Abilities, Weirdness & Mutations

You are a hulking beast.
Your limbs bulge with bestial killing power. (Slay +1)
You have sharp fingernails.
You regenerate a little health from kills.


Message History

You claw the orc!
You kill the orc!
Qazlal accepts your kill.
An orc comes into view. It is wielding a +0 hand axe.
Things that are here:
a +0 short sword; an orc corpse The orc shouts!
The orc hits you with a +0 hand axe.
You scratch the orc.
The orc is heavily wounded.
The orc barely misses you.
You barely miss the orc.
The orc is heavily wounded.
The orc closely misses you. The iguana bites you!
You scratch the orc.
You kill the orc!
Qazlal accepts your kill. The iguana bites you.
You scratch the iguana.
The iguana is lightly wounded.
The iguana bites you.
You barely miss the iguana.
The iguana is lightly wounded.
You scratch the iguana but do no damage.
The iguana is lightly wounded.
The iguana closely misses you.
You closely miss the iguana.
The iguana is lightly wounded.
The iguana bites you.
* * * LOW HITPOINT WARNING * * *
You scratch the iguana.
The iguana is lightly wounded.
The iguana closely misses you.
You closely miss the iguana.
The iguana is lightly wounded.
The iguana closely misses you.
You scratch the iguana but do no damage.
The iguana is lightly wounded.
The iguana bites you!
You die...

#### ####
#.#.#...# ##.#.)#
#.#.h# ##)l##
###..## ###...##
#...#..#
#########.####..#
........†.# #..#
.#####.#### #..#
.# #.# #...


You could see an iguana.

Vanquished Creatures
  Terence (D:3)
  A dart slug (D:3)
  2 orcs (D:3)
  5 ball pythons
  6 endoplasms
  3 giant cockroaches (D:1)
  6 goblins
  6 hobgoblins
  7 jackals
  4 kobolds
  A quokka (D:1)
  4 bats (D:1)
  2 frilled lizards (D:1)
  6 rats
54 creatures vanquished.

Notes
Turn   | Place    | Note
-------+----------+-------------------------------------------
     0 | D:1      | holysushi the Demonspawn Shapeshifter began the quest for
                  | the Orb.
     0 | D:1      | Reached XP level 1. HP: 15/15 MP: 1/1
    90 | D:1      | Reached skill level 3 in Unarmed Combat
   175 | D:1      | Gained mutation: You have sharp fingernails. [demonic
                  | ancestry]
   175 | D:1      | Reached XP level 2. HP: 21/21 MP: 2/2
   387 | D:1      | Gained mutation: You regenerate a little health from kills.
                  | [demonic ancestry]
   387 | D:1      | Reached XP level 3. HP: 24/26 MP: 3/3
   560 | D:1      | Reached skill level 4 in Unarmed Combat
  1831 | D:3      | Found a stormy altar of Qazlal.
  1872 | D:3      | Became a worshipper of Qazlal Stormbringer
  1888 | D:3      | Found an ornate altar of the Wu Jian Council.
  1894 | D:3      | Noticed Terence
  1904 | D:3      | Killed Terence
  1905 | D:3      | Reached XP level 4. HP: 16/32 MP: 4/4
  2195 | D:3      | Slain by an iguana

Illustrated notes

Levels and vault maps discovered:
D:1:      kennysheep_arrival_forest, layout_loops_ring, minmay_octomino_e4
D:2:      layout_loops_corners
D:3:      minmay_diamond_boxcup, layout_loops_ring, grunt_qazlal_clouds,
          mainiacjoe_overflow_tiny_flanked, uniq_terence

Skill      XL: |  1  2  3 |
---------------+----------+-----
Unarmed Combat | 3 4 |  4.7
Fighting       | |  1.0
Dodging        | |  1.7
Shapeshifting  | |  2.6

Action                     |  1- 3 |  4- 6 || total
---------------------------+-------+-------++-------
  Melee: Unarmed           |   107 |    14 ||   121
         Punch             |     1 |       ||     1
   Stab: Sleeping          |     4 |       ||     4
 Armour: Animal skin       |    43 |     8 ||    51
  Dodge: Dodged            |    66 |     7 ||    73

Table legend: (Time is in decaauts)
 A = Elapsed time spent in this place.
 B = Non-inter-level travel time spent in this place.
 C = Inter-level travel time spent in this place.
 D = Time resting spent in this place.
 E = Time spent auto-exploring this place.
 F = Levels seen in this place.
 G = Mean time per level.
                   A        B        C        D        E       F      G
               +--------+--------+--------+--------+--------+-----+--------+
         Total |   2185 |   2126 |     59 |     70 |   1684 |   3 |  728.3 |
       Dungeon |   2185 |   2126 |     59 |     70 |   1684 |   3 |  728.3 |
               +--------+--------+--------+--------+--------+-----+--------+

Top non-repeatable levels by time:
     D:2: 885 daAuts
     D:1: 811 daAuts
     D:3: 488 daAuts
